 Dungeon Crawl Stone Soup version 0.17-a0-1914-gde4187c (webtiles) character file.

195428 4thArraOfDagon the Executioner (level 18, -7/156 HPs)
             Began as a Hill Orc Berserker on Sept 26, 2015.
             Was the Champion of Cheibriados.
             Mangled by a deep troll (19 damage)
             ... created by the rage of Trog
             ... on level 4 of the Spider Nest.
             The game lasted 01:14:12 (11696 turns).

4thArraOfDagon the Executioner (HOBe)              Turns: 11696, Time: 01:14:13

Health: -7/156     AC: 26    Str: 37    XL:     18   Next: 78%
Magic:  34/36      EV: 17    Int: 29    God:    Cheibriados [******]
Gold:   1476       SH:  0    Dex: 28    Spells: 3 memorised, 24 levels left

rFire  . . .     SeeInvis .     l - +4 battleaxe (vamp)
rCold  . . .     Clarity  .     y - +8 chain mail "Neykinoh" {rElec rPois MR+ Int-3 Slay+3}
rNeg   + . .     SustAt   .     (no shield)
rPois  +         Gourm    .     (helmet restricted)
rElec  +         Spirit   .     (no cloak)
rCorr  .         Warding  +     (no gloves)
rMut   .         Rnd*Tele +     b - +2 pair of boots
MR     ++...                    Z - amulet of warding
Stlth  ..........               G - ring of Suiruos {MP+9 Int+4 Dex+3 Slay+2}
                                P - ring of teleportation

@: about to teleport, very slow, very resistant to hostile enchantments,
extremely unstealthy
A: hooves 1, horns 1, wild magic 1
a: Bend Time, Temporal Distortion, Slouch, Step From Time, Renounce Religion,
Evoke Teleportation


You were on level 4 of the Spider Nest.
You worshipped Cheibriados.
Cheibriados was exalted by your worship.
You were very full.

You visited 6 branches of the dungeon, and saw 31 of its levels.
You visited the Abyss 1 time.
You also visited: Ice Cave.

You collected 3040 gold pieces.
You spent 1564 gold pieces at shops.

Inventory:

Hand weapons
 l - a +4 vampiric battleaxe (weapon)
 J - a +1 antimagic executioner's axe
 K - the +10 war axe of Pyhuloxt {freeze, MP+9 Dex-4 SInv, unknown}
   (You took it off a deep elf demonologist on level 3 of the Elven Halls)

   It has been specially enchanted to freeze those struck by it, causing extra
   injury to most foes and up to half again as much damage against particularly
   susceptible opponents.
   It can also slow down cold-blooded creatures.
   It affects your dexterity (-4).
   It affects your magic capacity (+9).
   It lets you see invisible.
Missiles
 j - 6 poisoned tomahawks (quivered)
 I - 13 tomahawks of returning
Armour
 b - a +2 pair of boots (worn)
 n - a +0 helmet of see invisible
 y - the +8 chain mail "Neykinoh" (worn) {rElec rPois MR+ Int-3 Slay+3}
   (You found it on level 9 of the Dungeon)

   It affects your intelligence (-3).
   It affects your accuracy and damage with ranged weapons and melee attacks
   (+3).
   It insulates you from electricity.
   It protects you from poison.
   It affects your resistance to hostile enchantments.
 D - the +2 chain mail of the Alphagorgon {rF+ Regen+ Str+2}
   (You found it on level 8 of the Lair of Beasts)

   It affects your strength (+2).
   It protects you from fire.
   It increases your rate of regeneration.
 R - a +2 helmet
Magical staves
 e - an uncursed staff of summoning {unknown}
 N - an uncursed staff of power {unknown}
 T - an uncursed staff of air {unknown}
 U - an uncursed staff of earth {unknown}
Jewellery
 f - an uncursed ring of ice
 x - the ring of Uczoorch {rN+ MP+9}
   (You took it off a deep elf demonologist on level 3 of the Elven Halls)

   [ring of magical power]

   It protects you from negative energy.
   It affects your magic capacity (+9).
 F - an uncursed ring of poison resistance
 G - the ring of Suiruos (right hand) {MP+9 Int+4 Dex+3 Slay+2}
   (You took it off a deep elf demonologist on level 3 of the Elven Halls)

   [ring of dexterity]

   It affects your intelligence (+4).
   It affects your dexterity (+3).
   It affects your accuracy and damage with ranged weapons and melee attacks
   (+2).
   It affects your magic capacity (+9).
 H - an uncursed amulet of resist mutation
 P - a ring of teleportation (left hand)
 S - the ring of Betan {rElec SInv}
   (You bought it in a shop on level 2 of the Elven Halls)

   [ring of see invisible]

   It insulates you from electricity.
   It lets you see invisible.
 W - an uncursed ring of protection from fire
 Z - an amulet of warding (around neck)
Magical devices
 h - a wand of draining (7)
 q - a wand of fire (5)
 s - a wand of paralysis (3)
 A - a wand of cold (7)
Scrolls
 g - 3 scrolls of teleportation
 i - a scroll of noise
 o - a scroll of magic mapping
 u - 2 scrolls of summoning
 E - 3 scrolls of recharging
 L - 3 scrolls of immolation
 M - a scroll of enchant armour
 O - 4 scrolls of remove curse
Potions
 a - 3 potions of heal wounds
 d - a potion of brilliance
 k - 5 potions of flight
 m - 2 potions of agility
 p - a potion of lignification
 t - 3 potions of curing
 v - 3 potions of berserk rage
 C - 3 potions of magic
 V - a potion of beneficial mutation {unknown}
 Y - a potion of ambrosia {unknown}
Miscellaneous
 w - a fan of gales
 B - a sack of spiders
 Q - a box of beasts
 X - a phantom mirror
Comestibles
 c - 7 bread rations
 r - 9 meat rations
 z - a slice of pizza


   Skills:
 - Level 12.6 Fighting
 - Level 22.4 Axes
 - Level 18.4 Armour
 + Level 7.1 Dodging
 + Level 6.1 Spellcasting
 - Level 4.8 Translocations
 - Level 7.2 Invocations
 - Level 9.2 Evocations


You had 24 spell levels left.
You knew the following spells:

 Your Spells              Type           Power        Failure   Level  Hunger
a - Apportation           Tloc           ######....   5%          1    None
b - Summon Butterflies    Summ           ##......     26%         1    None
c - Passwall              Trmt/Erth      ##........   54%         3    None


Dungeon Overview and Level Annotations

Branches:
Dungeon (11/15)            Temple (1/1) D:4            Lair (8/8) D:10
 Spider (4/4) Lair:5          Orc (4/4) D:11            Elf (3/3) Orc:4
  Swamp: Lair:3-6    Shoals: Lair:3-6     Slime: Lair:6-8

Altars:
Ashenzari
Cheibriados
Dithmenos
Gozag
Kikubaaqudgha
Okawaru
Qazlal
Trog
Xom
The Shining One
Beogh

Shops:
Orc:1 :   Orc:3 *   Orc:4 [*[[   Elf:2 =


Innate Abilities, Weirdness & Mutations

You have large cloven feet.
You have a pair of small horns on your head.
Your spells are a little harder to cast, but a little more powerful.


Message History

The deep troll barely misses you. The deep troll claws you!!
* * * LOW HITPOINT WARNING * * *
The deep troll claws you!
* * * LOW HITPOINT WARNING * * *
The stone giant barely misses you.
You hear an angry hiss.
Unknown command.
Unknown command.
Your chain mail "Neykinoh" prevents you from hitting the deep troll.
You headbutt the deep troll!
The deep troll is moderately wounded.
You hit the hill giant.
The hill giant is almost dead.
You hit the stone giant but do no damage.
The stone giant is lightly wounded.
The hill giant hits you with a giant club!
* * * LOW HITPOINT WARNING * * *
The polar bear rages.
The deep troll bites you!!
You die...

.....^.#≈.
#^..##...##
.###.#≈.≈ ..
#....^....# ##
≈##... .#
##...##..## ##
##.. ..
#....##...# #. #.
#........## #.
#...##...# #h##
#...##...## #TC#
#.........# #@#
#..####..## #C#
#..# #..##
#h#######.# ##...#
#.^.......###....#
#.#####..^....†.##
#.# ####......^.
#.# ##.##.... #.#
#..##.... #.#
#......^.


You could see a stone giant (berserk), a hill giant (berserk), a deep troll
(berserk), a polar bear (berserk) and a black bear (berserk).

Vanquished Creatures
  Mara (Spider:3)
  A deep elf master archer (Elf:3)
  Gastronok (Orc:2)
  Kirke (Spider:1)
  Maud (Lair:3)
  The ghost of hexophile the Severer, a powerful MiBe of Trog (Spider:1)
  An emperor scorpion (Spider:4)
  10 deep elf sorcerers
  A ghost moth (Spider:2)
  An orc warlord (Orc:4)
  A stone giant (Spider:4)
  3 deep elf demonologists (Elf:3)
  13 deep elf annihilators (Elf:3)
  Snorg (Orc:2)
  3 crystal guardians (Elf:3)
  3 deep elf death magi (Elf:3)
  4 deep elf high priests (Elf:3)
  Fannar (Orc:2)
  A hydra (Lair:6)
  A catoblepas (Lair:5)
  The ghost of 4thArraOfDagon the Cleaver, an experienced NaBe of Trog (Orc:3)
  A dancing weapon (Elf:2)
  6 orc high priests (Orc:4)
  7 deep elf knights
  A thrashing horror (Abyss:1)
  Nergalle (D:10)
  A deep elf summoner (Elf:3)
  2 deep trolls
  An ice statue (IceCv)
  4 deep elf conjurers
  A necromancer (IceCv)
  3 orc knights (Orc:4)
  2 large abominations (Abyss:1)
  Pikel (D:5)
  8 hill giants
  A wizard (Elf:1)
  6 orb spiders
  An orc sorcerer (Orc:4)
  11 wolf spiders
  An orb spider (shapeshifter) (Elf:3)
  A moth of wrath (Spider:3)
  3 cyclopes
  12 elephants
  An octopode (Spider:1)
  2 torpor snails
  3 black mambas
  5 demonic crawlers
  An efreet (Abyss:1)
  3 spiny frogs
  A komodo dragon (Lair:1)
  5 deep elf priests
  2 fire drakes
  18 jumping spiders
  13 polar bears
  Grinder (D:5)
  A wolf spider simulacrum (IceCv)
  10 freezing wraiths (IceCv)
  2 trolls (Orc:4)
  5 two-headed ogres (Orc:4)
  11 trapdoor spiders
  18 redbacks
  A wraith (Abyss:1)
  8 spriggans (Lair:8)
  3 hippogriffs
  31 yaks
  A chaos spawn (Abyss:1)
  4 hogs (Spider:1)
  11 deep elf magi
  8 tarantellas
  A death yak simulacrum (IceCv)
  2 small abominations (Abyss:1)
  3 basilisks
  2 hungry ghosts
  14 deep elf fighters
  4 water moccasins
  3 wargs (Orc:4)
  22 wolves
  Duvessa (D:4)
  45 orc warriors
  4 porcupines
  9 spiders
  A swamp drake (D:11)
  4 sky beasts
  5 wasps
  9 black bears
  17 ogres
  14 ice beasts
  2 slaves (D:5)
  A boggart (Elf:1)
  A necrophage (D:5)
  3 centaurs
  7 giant frogs
  5 crocodiles
  A wyvern zombie (D:10)
  Dowan (D:4)
  9 wights
  3 crimson imps
  A quasit (D:9)
  3 hounds
  3 giant frog skeletons
  21 orc priests
  2 draconian simulacra (IceCv)
  A jelly (D:10)
  18 orc wizards
  2 worker ants
  Terence (D:2)
  3 spriggan simulacra (IceCv)
  2 wolf simulacra (IceCv)
  8 troll simulacra (IceCv)
  A centaur simulacrum (IceCv)
  10 sheep
  2 hound zombies (D:6)
  2 hound skeletons
  3 worker ant zombies
  13 river rats
  5 adders
  A naga simulacrum (IceCv)
  5 ogre simulacra (IceCv)
  13 white imps
  3 worms
  An adder skeleton (D:9)
  2 giant geckos
  234 orcs
  2 giant cockroaches
  A hobgoblin (D:2)
  2 quokkas
  A giant cockroach zombie (D:6)
  A giant gecko skeleton (D:4)
  A giant gecko zombie (D:5)
  2 giant newts (D:3)
  9 jackals
  A kobold (D:2)
  A quokka skeleton (D:4)
  2 quokka zombies
  A rat (D:2)
  A fungus (Lair:8)
  A plant (Lair:8)
874 creatures vanquished.

Vanquished Creatures (collateral kills)
  A deep elf blademaster (Elf:3)
  A deep elf demonologist (Elf:3)
  2 deep elf death magi (Elf:3)
  2 crystal guardians (Elf:3)
  A deep elf high priest (Elf:3)
7 creatures vanquished.

Vanquished Creatures (others)
  A wolf spider (Spider:2)
  A boggart (Elf:1)
  29 fungi
  3 plants
34 creatures vanquished.

Grand Total: 915 creatures vanquished

Notes
Turn   | Place    | Note
--------------------------------------------------------------
     0 | D:1      | 4thArraOfDagon the Hill Orc Berserker began the quest for the Orb.
     0 | D:1      | Reached XP level 1. HP: 19/19 MP: 1/1
    35 | D:2      | Reached XP level 2. HP: 27/27 MP: 2/2
   108 | D:2      | Reached XP level 3. HP: 33/33 MP: 3/3
   145 | D:2      | Noticed Terence
   162 | D:2      | Killed Terence
   162 | D:2      | Reached skill level 5 in Axes
   216 | D:3      | Reached XP level 4. HP: 34/40 MP: 4/4
   241 | D:4      | Noticed Duvessa
   243 | D:4      | Noticed Dowan
   297 | D:4      | Killed Duvessa
   297 | D:4      | Reached skill level 6 in Axes
   297 | D:4      | Reached XP level 5. HP: 26/47 MP: 5/5
   301 | D:4      | Killed Dowan
   361 | D:4      | Reached skill level 5 in Fighting
   361 | D:4      | Reached XP level 6. HP: 29/56 MP: 6/6
   399 | D:5      | Entered Level 5 of the Dungeon
   440 | D:4      | Acquired Trog's second power
   446 | D:4      | Reached skill level 7 in Axes
   777 | D:6      | Reached XP level 7. HP: 61/61 MP: 7/7
   854 | D:6      | Reached skill level 8 in Axes
  1018 | D:7      | Reached skill level 9 in Axes
  1018 | D:7      | Reached skill level 5 in Armour
  1066 | D:7      | Reached XP level 8. HP: 53/71 MP: 8/8
  1122 | D:7      | Got a bloodstained ring mail
  1133 | D:7      | Identified the +0 ring mail of Xugui {Int+2} (You found it on level 7 of the Dungeon)
  1144 | D:7      | :(
  1261 | D:8      | Reached skill level 10 in Axes
  1440 | D:10     | Entered Level 10 of the Dungeon
  1457 | D:10     | Noticed Nergalle
  1590 | D:8      | Reached XP level 9. HP: 79/79 MP: 9/9
  1630 | D:9      | Reached skill level 11 in Axes
  1638 | D:9      | Got a smelly chain mail
  1656 | D:9      | Identified the +8 chain mail "Neykinoh" {rElec rPois MR+ Int-3 Slay+3} (You found it on level 9 of the Dungeon)
  1671 | D:9      | Gained mutation: You have a pair of small horns on your head. [potion of mutation]
  1671 | D:9      | Gained mutation: You have large cloven feet. [potion of mutation]
  1671 | D:9      | Gained mutation: Your spells are a little harder to cast, but a little more powerful. [potion of mutation]
  1766 | D:11     | Noticed a hill giant
  1770 | D:11     | Killed a hill giant
  1780 | D:11     | Noticed a hill giant
  1799 | D:11     | Reached skill level 12 in Axes
  1901 | D:11     | Noticed a cyclops
  1965 | D:11     | Killed a cyclops
  2044 | D:11     | Reached XP level 10. HP: 65/91 MP: 10/10
  2068 | D:11     | Found a staircase to the Orcish Mines.
  2096 | Orc:1    | Entered Level 1 of the Orcish Mines
  2096 | Orc:1    | Found Necsoble's Book Shoppe.
  2164 | Orc:1    | Found a bloodstained altar of Trog.
  2172 | Orc:1    | Reached skill level 13 in Axes
  2241 | Orc:2    | Noticed Fannar
  2255 | Orc:2    | Killed Fannar
  2273 | Orc:2    | Noticed Gastronok
  2330 | Orc:2    | Killed Gastronok
  2330 | Orc:2    | Reached skill level 14 in Axes
  2456 | Orc:3    | Found Woumneb's Assorted Antiques.
  2467 | Orc:3    | Bought an iron ring for 135 gold pieces
  2467 | Orc:3    | Bought 2 grey potions for 48 gold pieces
  2467 | Orc:3    | Bought a scroll labeled DORGHU CEIF for 27 gold pieces
  2467 | Orc:3    | Bought a scroll labeled XISSERERGHA for 27 gold pieces
  2486 | Orc:2    | Noticed Snorg
  2496 | Orc:2    | Killed Snorg
  2581 | Orc:1    | Reached XP level 11. HP: 92/97 MP: 14/14
  2649 | Orc:4    | Entered Level 4 of the Orcish Mines
  2661 | Orc:4    | Reached skill level 15 in Axes
  2750 | Orc:4    | Acquired Trog's third power
  2803 | Orc:4    | Found a roughly hewn altar of Beogh.
  2824 | Orc:4    | Noticed an orc knight
  2824 | Orc:4    | Noticed an orc knight
  2856 | Orc:4    | Killed an orc knight
  2856 | Orc:4    | Reached skill level 5 in Evocations
  2864 | Orc:4    | Killed an orc knight
  2999 | Orc:4    | Found Meskidwu's Antique Armour Boutique.
  3011 | Orc:4    | Found Wigy's Assorted Antiques.
  3027 | Orc:4    | Bought a knobbly peridot ring for 165 gold pieces
  3027 | Orc:4    | Bought a scroll labeled QIXAUL KILI for 33 gold pieces
  3027 | Orc:4    | Bought a dented beryl amulet for 165 gold pieces
  3077 | Orc:4    | Noticed an orc knight
  3086 | Orc:4    | Killed an orc knight
  3086 | Orc:4    | Reached skill level 10 in Armour
  3150 | Orc:4    | Reached skill level 16 in Axes
  3210 | Orc:4    | Received a gift from Trog
  3259 | Orc:4    | Noticed an orc warlord
  3282 | Orc:4    | Killed an orc warlord
  3433 | Orc:4    | Reached XP level 12. HP: 104/104 MP: 16/16
  3535 | Orc:4    | Received a gift from Trog
  3553 | Orc:3    | Noticed 4thArraOfDagon's ghost (experienced NaBe)
  3553 | Orc:3    | Noticed a cyclops
  3558 | Orc:3    | Killed a cyclops
  3559 | Orc:3    | Killed 4thArraOfDagon's ghost
  3559 | Orc:3    | Reached skill level 17 in Axes
  3808 | Orc:4    | Found a roughly hewn altar of Beogh.
  3829 | Orc:4    | Noticed an orc high priest
  3859 | Orc:4    | Killed an orc high priest
  3874 | Orc:4    | Found Puqefeuta's Armour Boutique.
  3918 | Orc:4    | Found Benaulell's Armour Shop.
  3920 | Orc:4    | Noticed an orc high priest
  3931 | Orc:4    | Killed an orc high priest
  3998 | Orc:4    | Noticed an orc high priest
  4000 | Orc:4    | Noticed an orc high priest
  4011 | Orc:4    | Killed an orc high priest
  4022 | Orc:4    | Killed an orc high priest
  4072 | Orc:4    | Noticed an orc high priest
  4073 | Orc:4    | Noticed an orc high priest
  4089 | Orc:4    | Killed an orc high priest
  4093 | Orc:4    | Killed an orc high priest
  4160 | Orc:4    | Received a gift from Trog
  4171 | Orc:4    | Reached skill level 18 in Axes
  4287 | Orc:3    | Received a gift from Trog
  4438 | Orc:4    | Found a staircase to the Elven Halls.
  4450 | Elf:1    | Entered Level 1 of the Elven Halls
  4556 | Elf:1    | Reached XP level 13. HP: 111/111 MP: 11/19
  4704 | Elf:1    | Noticed a deep elf sorcerer
  4711 | Elf:1    | Killed a deep elf sorcerer
  4711 | Elf:1    | Reached skill level 19 in Axes
  4749 | Elf:1    | Noticed an anaconda
  4749 | Elf:1    | an anaconda changed into a sea snake
  4837 | Elf:3    | Entered Level 3 of the Elven Halls
  5201 | Elf:3    | Noticed a crystal guardian
  5202 | Elf:3    | Noticed a crystal guardian
  5258 | Elf:3    | Killed a crystal guardian
  5356 | Elf:3    | Received a gift from Trog
  5428 | Elf:3    | Noticed a deep elf annihilator
  5443 | Elf:3    | Killed a deep elf annihilator
  5501 | Elf:3    | Noticed a deep elf annihilator
  5526 | Elf:3    | Killed a deep elf annihilator
  5660 | Elf:3    | Noticed a deep elf demonologist
  5676 | Elf:3    | Killed a deep elf demonologist
  5722 | Elf:3    | Noticed a deep elf sorcerer
  5753 | Elf:3    | Killed a deep elf sorcerer
  5810 | Elf:3    | Noticed a deep elf annihilator
  5846 | Elf:3    | Killed a deep elf annihilator
  5846 | Elf:3    | Reached skill level 10 in Fighting
  5846 | Elf:3    | Reached skill level 20 in Axes
  5855 | Elf:3    | Reached XP level 14. HP: 117/121 MP: 20/20
  5914 | Elf:3    | Noticed a crystal guardian
  5937 | Elf:3    | Killed a crystal guardian
  5954 | Elf:3    | Noticed a deep elf blademaster
  5963 | Elf:3    | Noticed a deep elf demonologist
  5964 | Elf:3    | Noticed a cacodemon
  5969 | Elf:3    | Noticed a Hell Sentinel
  5969 | Elf:3    | Killed a deep elf blademaster
  5973 | Elf:3    | Killed a cacodemon
  5975 | Elf:3    | Killed a deep elf demonologist
  5977 | Elf:3    | Killed a crystal guardian
  5979 | Elf:3    | Got a translucent ivory ring
  5990 | Elf:3    | Identified the ring of Uczoorch {rN+ MP+9} (You took it off a deep elf demonologist on level 3 of the Elven Halls)
  6027 | Elf:3    | Noticed a deep elf master archer
  6059 | Elf:3    | Killed a deep elf master archer
  6088 | Elf:3    | Noticed a deep elf annihilator
  6106 | Elf:3    | Killed a deep elf annihilator
  6146 | Elf:3    | Noticed a deep elf death mage
  6148 | Elf:3    | Noticed a deep elf sorcerer
  6161 | Elf:3    | Killed a deep elf sorcerer
  6167 | Elf:3    | Killed a deep elf death mage
  6170 | Elf:3    | Got an ancient amber ring
  6183 | Elf:3    | Identified the cursed ring of Wopets {Int+3 Dex-3} (You took it off a deep elf high priest on level 3 of the Elven Halls)
  6213 | Elf:3    | Noticed a deep elf demonologist
  6229 | Elf:3    | Killed a deep elf demonologist
  6231 | Elf:3    | Got an ancient bronze ring
  6232 | Elf:3    | Got a crude war axe {freeze}
  6281 | Elf:3    | Noticed a deep elf sorcerer
  6300 | Elf:3    | Killed a deep elf sorcerer
  6300 | Elf:3    | Reached skill level 21 in Axes
  6340 | Elf:3    | Noticed a deep elf sorcerer
  6356 | Elf:3    | Killed a deep elf sorcerer
  6359 | Elf:3    | Got a slimy hand axe {venom}
  6396 | Elf:3    | Noticed a deep elf sorcerer
  6397 | Elf:3    | Noticed a deep elf demonologist
  6399 | Elf:3    | Noticed a Brimstone Fiend
  6421 | Elf:3    | Killed a deep elf sorcerer
  6428 | Elf:3    | Killed a deep elf demonologist
  6436 | Elf:3    | Got a fine hand axe {chop}
  6484 | Elf:3    | Noticed a deep elf death mage
  6507 | Elf:3    | Killed a deep elf death mage
  6564 | Elf:3    | Noticed a crystal guardian
  6579 | Elf:3    | Killed a crystal guardian
  6612 | Elf:3    | Noticed a crystal guardian
  6629 | Elf:3    | Killed a crystal guardian
  6702 | Elf:3    | Noticed a deep elf sorcerer
  6732 | Elf:3    | Killed a deep elf sorcerer
  6742 | Elf:3    | Noticed a deep elf sorcerer
  6760 | Elf:3    | Killed a deep elf sorcerer
  6773 | Elf:3    | Noticed a deep elf death mage
  6793 | Elf:3    | Killed a deep elf death mage
  6802 | Elf:3    | Noticed a deep elf sorcerer
  6837 | Elf:3    | Killed a deep elf sorcerer
  6837 | Elf:3    | Reached XP level 15. HP: 127/132 MP: 21/21
  6873 | Elf:3    | Noticed a deep elf annihilator
  6902 | Elf:3    | Killed a deep elf annihilator
  6927 | Elf:3    | Noticed a deep elf annihilator
  6953 | Elf:3    | Killed a deep elf annihilator
  7002 | Elf:3    | Noticed a deep elf sorcerer
  7017 | Elf:3    | Cast into the Abyss (a deep elf sorcerer)
  7089 | Abyss:1  | Found a roughly hewn altar of Beogh.
  7261 | Abyss:1  | Noticed a tentacled starspawn
  7266 | Elf:3    | Escaped the Abyss
  7277 | Elf:3    | Killed a deep elf sorcerer
  7277 | Elf:3    | Reached skill level 22 in Axes
  7297 | Elf:3    | Noticed a deep elf annihilator
  7313 | Elf:3    | Killed a deep elf annihilator
  7344 | Elf:3    | WTF
  7434 | Elf:3    | Noticed a deep elf annihilator
  7442 | Elf:3    | Noticed a deep elf annihilator
  7456 | Elf:3    | Killed a deep elf annihilator
  7458 | Elf:3    | Killed a deep elf annihilator
  7464 | Elf:3    | Noticed a deep elf annihilator
  7474 | Elf:3    | Noticed a deep elf annihilator
  7482 | Elf:3    | Killed a deep elf annihilator
  7493 | Elf:3    | Killed a deep elf annihilator
  7500 | Elf:3    | Noticed a deep elf annihilator
  7508 | Elf:3    | Killed a deep elf annihilator
  7542 | Elf:3    | Identified the ring of Suiruos {MP+9 Int+4 Dex+3 Slay+2} (You took it off a deep elf demonologist on level 3 of the Elven Halls)
  7553 | Elf:3    | Noticed a deep elf annihilator
  7554 | Elf:3    | Noticed a deep elf death mage
  7555 | Elf:3    | Noticed a deep elf death mage
  7564 | Elf:3    | Killed a deep elf annihilator
  7565 | Elf:3    | Killed a deep elf death mage
  7570 | Elf:3    | Killed a deep elf death mage
  7610 | Elf:3    | Identified Ytileukh's Papyrus of Burning Attacks (You found it on level 3 of the Elven Halls)
  7716 | Elf:2    | Found Omuj's Jewellery Shop.
  7721 | Elf:2    | Bought the ring of Betan {rElec SInv} for 464 gold pieces
  7973 | Orc:1    | Bought a book of Party Tricks for 500 gold pieces
  8153 | D:10     | Killed Nergalle
  8153 | D:10     | Reached skill level 15 in Armour
  8322 | D:7      | Reached XP level 16. HP: 139/141 MP: 22/22
  8323 | D:7      | Reached XP level 17. HP: 145/148 MP: 23/23
  8463 | D:5      | Noticed Grinder
  8469 | D:5      | Killed Grinder
  8494 | D:5      | Noticed Pikel
  8501 | D:5      | Killed Pikel
  8687 | D:4      | Found a stormy altar of Qazlal.
  8747 | D:4      | Found a staircase to the Ecumenical Temple.
  8756 | Temple   | Entered the Ecumenical Temple
  8767 | Temple   | Fell from the grace of Trog
  8767 | Temple   | Became a worshipper of Cheibriados the Contemplative
  8793 | D:4      | Learned a level 1 spell: Apportation
  8795 | D:4      | Learned a level 1 spell: Summon Butterflies
  8799 | D:4      | Learned a level 3 spell: Passwall
  9101 | D:10     | Found a staircase to the Lair.
  9101 | D:10     | Noticed an elephant
  9106 | D:10     | Killed an elephant
  9108 | D:10     | Acquired Cheibriados's first power
  9171 | Lair:1   | Entered Level 1 of the Lair of Beasts
  9171 | Lair:1   | Found a frozen archway.
  9189 | IceCv    | Entered an ice cave
  9320 | IceCv    | Found an ancient bone altar of Kikubaaqudgha.
  9583 | IceCv    | Acquired Cheibriados's second power
  9795 | Lair:3   | Noticed Maud
  9818 | Lair:3   | Killed Maud
  9818 | Lair:3   | Reached skill level 1 in Translocations
  9858 | Lair:4   | Reached skill level 1 in Spellcasting
  9869 | Lair:4   | Identified a scroll of acquirement
  9870 | Lair:4   | Got a heavily runed chain mail
  9905 | Lair:4   | Identified the +1 chain mail of Elitism {*Corrode rPois rC+ Int+4} (You acquired it on level 4 of the Lair of Beasts)
  9968 | Lair:4   | Acquired Cheibriados's third power
 10029 | Lair:5   | Found a hole to the Spider Nest.
 10288 | Lair:8   | Entered Level 8 of the Lair of Beasts
 10348 | Lair:8   | Acquired Cheibriados's fourth power
 10349 | Lair:8   | Reached XP level 18. HP: 139/156 MP: 24/24
 10565 | Lair:8   | Got an encrusted chain mail
 10579 | Lair:8   | Identified the +2 chain mail of the Alphagorgon {rF+ Regen+ Str+2} (You found it on level 8 of the Lair of Beasts)
 10843 | Spider:1 | Entered Level 1 of the Spider Nest
 10937 | Spider:1 | Noticed Kirke
 10949 | Spider:1 | Killed Kirke
 10954 | Spider:1 | Reached skill level 5 in Dodging
 11048 | Spider:1 | Noticed hexophile's ghost (powerful MiBe)
 11060 | Spider:1 | Killed hexophile's ghost
 11170 | Spider:3 | Noticed Mara
 11183 | Spider:3 | Noticed 4thArraOfDagon's illusion
 11184 | Spider:3 | Killed Mara
 11184 | Spider:3 | Reached skill level 5 in Spellcasting
 11241 | Spider:4 | Entered Level 4 of the Spider Nest
 11696 | Spider:4 | Mangled by a deep troll

Vault maps used:
D:1:      minmay_arrival_hallway
D:2:      first_bread, ecumenical_altar_2, hex_medium, uniq_terence
D:3:      trog_three_pillars_becter
D:4:      minmay_temple_entry_large_hall, grunt_qazlal_sundering, uniq_duvessa
D:5:      uniq_grinder, uniq_pikel
D:7:      grunt_livestock
D:9:      demons_altar, nicolae_zen_rock_garden
D:10:     david_lair_generic, minivault_4, uniq_nergalle
D:11:     erik_orc_1, sword_in_stone, uniq_josephine
Temple:   grunt_circular_temple_18
Lair:1:   portal_ice_cave_entry_ice_beasts, serial_bayou_lake_a
Lair:2:   minmay_lair_venomous_thicket
Lair:3:   shoals_dummy_entry, forest_entry_grove, uniq_sonja, uniq_maud
Lair:4:   grunt_forest_stairs_basic
Lair:5:   spider_nest_entry_rubble, kennysheep_catoblepas_arena,
          grunt_megastairs_3
Lair:6:   st_stairs_8
Lair:7:   slime_altar_1, st_stairs_4, grunt_forest_small_clearing_treed,
          infiniplex_staircase_pool_2, serial_bayou_shore_b, lemuel_fruit_tree
Lair:8:   minmay_lair_end_enchanted_forest, serial_bayou_shore_b,
          serial_bayou_shore_b
Spider:1: uniq_kirke, uniq_azrael
Spider:3: uniq_nikola, uniq_roxanne, uniq_mara, uniq_jorgrun
Spider:4: grunt_spider_rune_circles, hangedman_spider_tarantella_strand
Orc:1:    serial_shops, shop, bloody_trog
Orc:2:    uniq_snorg, uniq_fannar, uniq_gastronok
Orc:3:    serial_shops, nicolae_shop_overgrown_old_shop, nicolae_orc_pool_cavern
Orc:4:    pubby_orc_utopia, serial_shops
Elf:1:    elf_arrival_002, hangedman_elf_disciples
Elf:2:    serial_shops, shop
Elf:3:    minmay_elf_hall_golems, uniq_asterion
IceCv:    ice_cave_small_necro

Action                   |  1- 3 |  4- 6 |  7- 9 | 10-12 | 13-15 | 16-18 || total
-------------------------+-------+-------+-------+-------+-------+-------++-------
Melee: Hand axe          |    35 |    21 |       |       |       |       ||    56
       Broad axe         |       |    46 |   186 |   125 |       |       ||   357
       Battleaxe         |       |       |       |   366 |   409 |   696 ||  1471
       War axe           |       |       |       |    40 |       |       ||    40
Throw: Tomahawk          |     1 |       |       |       |       |       ||     1
 Cast: Apportation       |       |       |       |       |       |    11 ||    11
Invok: Berserk           |     4 |     5 |    10 |    14 |    24 |       ||    57
       Trog's Hand       |       |     1 |     8 |     5 |    15 |       ||    29
       Brothers in Arms  |       |       |       |       |     7 |       ||     7
       Slouch            |       |       |       |       |       |     1 ||     1
 Abil: Evoke Teleportati |       |       |       |       |       |    23 ||    23
Evoke: Wand              |       |     2 |     3 |       |     6 |    11 ||    22
  Use: Potion            |       |     3 |     3 |       |     4 |     1 ||    11
       Scroll            |       |       |     7 |     9 |     6 |    13 ||    35
 Stab: Confused          |       |       |       |       |     1 |       ||     1
       Paralysed         |       |       |       |       |       |     8 ||     8
       Held in net/web   |       |       |       |       |       |     2 ||     2
  Eat: Chunk             |     1 |     8 |     8 |    25 |    29 |     4 ||    75
       Pizza             |       |       |     2 |       |     1 |     2 ||     5
       Fruit             |       |       |     8 |       |    10 |     2 ||    20
       Bread ration      |       |       |       |     2 |       |       ||     2
       Beef jerky        |       |       |       |       |     4 |     7 ||    11
